 Dungeon Crawl Stone Soup version 0.21.0-24-g2553a33 (webtiles) character file.

48684 Firecrotchwizard the Impaler (level 14, -9/113 HPs)
             Began as a Merfolk Berserker on Jan 22, 2018.
             Was the Champion of Trog.
             Mangled by a komodo dragon (14 damage)
             ... on level 11 of the Dungeon.
             The game lasted 00:49:23 (22075 turns).

Firecrotchwizard the Impaler (Merfolk Berserker)   Turns: 22075, Time: 00:49:23

Health: -9/113     AC: 19    Str: 23    XL:     14   Next: 47%
Magic:  23/23      EV: 29    Int: 10    God:    Trog [******]
Gold:   1484       SH:  0    Dex: 27    Spells: 13/13 levels left

rFire    . . .     SeeInvis .   k - +3 glaive (protect)
rCold    . . .     Gourm    +   (shield currently unavailable)
rNeg     . . .     Faith    .   V - +3 ring mail of Contentment {rElec Str+2 Stlth-}
rPois    .         Spirit   .   t - +0 helmet
rElec    +         Reflect  .   x - +1 cloak
rCorr    .         Harm     .   d - +0 pair of gloves
MR       ++...                  (no boots)
Stlth    +.........             z - amulet of the gourmand {Gourm, !d}
HPRegen  0.28/turn              E - ring of Diuphuta {+Blink Str+4 Int+2 Dex+5}
MPRegen  0.18/turn              F - ring of protection from magic {MR+, !d}

@: agile, protection aura, hasted, very quick
A: change form in water, swift swim, stealthy swim
a: Berserk, Trog's Hand, Brothers in Arms, Burn Spellbooks, Renounce Religion,
Evoke Blink


You were on level 11 of the Dungeon.
You worshipped Trog.
Trog was exalted by your worship.
You were completely stuffed.

You visited 2 branches of the dungeon, and saw 17 of its levels.
You also visited: Volcano.

You collected 1484 gold pieces.

Inventory:

Hand Weapons
 a - a +0 trident
   (You took it off a crimson imp on level 8 of the Dungeon)
 k - a +3 glaive of protection (weapon)
   (Trog gifted it to you on level 1 of the Lair of Beasts)
 G - a +2 antimagic halberd
   (Trog gifted it to you on level 4 of the Lair of Beasts)
Missiles
 n - 3 throwing nets {=f, !d}
Armour
 d - a +0 pair of gloves (worn)
   (You found it on level 7 of the Dungeon)
 t - a +0 helmet (worn)
   (You found it on level 6 of the Lair of Beasts)
 x - a +1 cloak (worn)
   (You found it on level 4 of the Dungeon)
 V - the +3 ring mail of Contentment (worn) {rElec Str+2 Stlth-}
   (You found it on level 11 of the Dungeon)

   It affects your strength (+2).
   It insulates you from electricity.
   It makes you less stealthy.
Jewellery
 h - an uncursed ring of flight {+Fly, !d}
   (You found it on level 1 of the Dungeon)
 u - an uncursed ring of poison resistance {rPois, !d}
   (You found it on level 4 of the Dungeon)
 z - an amulet of the gourmand (around neck) {Gourm, !d}
   (You found it on level 8 of the Dungeon)
 E - the ring of Diuphuta (left hand) {+Blink Str+4 Int+2 Dex+5}
   (You found it on level 6 of the Dungeon)

   [ring of dexterity]

   It affects your strength (+4).
   It affects your intelligence (+2).
   It affects your dexterity (+5).
   It lets you blink.
 F - a ring of protection from magic (right hand) {MR+, !d}
   (You found it on level 10 of the Dungeon)
 J - an uncursed ring of ice {rC+, rF-}
   (You found it on level 5 of the Lair of Beasts)
 S - an uncursed ring of ice {rC+, rF-}
   (You took it off Fannar on level 11 of the Dungeon)
Wands
 b - a wand of paralysis (29)
   (You found it on level 1 of the Lair of Beasts)
 j - a wand of flame (49)
   (You found it on level 1 of the Lair of Beasts)
 q - a wand of polymorph (38)
   (You found it on level 1 of the Lair of Beasts)
 y - a wand of digging (6)
   (You found it on level 4 of the Lair of Beasts)
 A - a wand of acid (20)
   (You found it on level 5 of the Dungeon)
 H - a wand of disintegration (18) {@e1}
   (You found it on level 7 of the Dungeon)
 Q - a wand of enslavement (15)
   (You found it on level 11 of the Dungeon)
 T - a wand of random effects (23)
   (You found it on level 11 of the Dungeon)
Scrolls
 f - 7 scrolls of teleportation
 m - 12 scrolls of identify
 o - 3 scrolls of magic mapping {!r}
 r - 5 scrolls of remove curse
 v - 4 scrolls of blinking {!r}
 w - a scroll of fear
 L - a scroll of enchant weapon
 R - a scroll of vulnerability {!r!r}
Potions
 e - a potion of magic {unknown}
 g - 4 potions of haste
 l - 4 potions of curing
 p - a potion of ambrosia {unknown}
 s - 3 potions of agility
 B - 2 potions of brilliance
 C - 5 potions of lignification {!q}
 D - 3 potions of mutation {!q}
 I - a potion of might {unknown}
 K - a potion of berserk rage {unknown}
 M - a potion of heal wounds {unknown}
 O - a potion of flight {unknown}
 U - a potion of invisibility
Miscellaneous
 P - a phial of floods (inert)
   (You found it on level 6 of the Lair of Beasts)
Comestibles
 c - 43 rations {@e1}
 i - 2 chunks of flesh {@w0}


   Skills:
 + Level 11.4 Fighting
 - Level 20.0 Polearms
 + Level 2.6 Armour
 + Level 13.0 Dodging
 - Level 13.3 Evocations


You had 13 spell levels left.
You didn't know any spells.

Dungeon Overview and Level Annotations

Branches:
Dungeon (11/15)            Temple (0/1) D:6            Lair (6/6) D:8
  Swamp (0/4) Lair:3        Snake (0/4) Lair:2        Slime (0/5) Lair:6
    Orc (0/2) D:11

Altars:
Kikubaaqudgha
Makhleb
Okawaru
Trog
Uskayaw
Yredelemnul
The Shining One
Jiyva

Shops:
D:7 (

Annotations:
Lair:1 exclusions: Harold and oklob plant, Harold
Lair:3 exclusions: hydra and 2 oklob plants


Message History

The hippogriff dies!
Trog accepts your kill.
A basilisk comes into view.
You take 1 damage, and have 57/113 hp.
You feel sick.
Your water elemental closely misses the cyan ugly thing.
The wolf spider hits you! The wolf spider completely misses you.
You take 11 damage, and have 46/113 hp.
You slash the wolf spider!
You feel sick. The wolf spider hits you! The wolf spider closely misses you.
A shadow comes into view.
You take 9 damage, and have 37/113 hp.
You hit the wolf spider.
You feel sick.
The shadow slips into darkness.
The shadow flickers and vanishes!
Deactivating autopickup; reactivate with Ctrl-A.
The wolf spider completely misses you. The wolf spider barely misses you.
You take 1 damage, and have 36/113 hp.
Okay, then.
Okay, then.
Okay, then.
Okay, then.
Okay, then.
You blink.
You feel slightly less full.
You feel sick.
Your water elemental barely misses the wolf spider.
The cyan ugly thing stings your water elemental!
Your water elemental is destroyed!
You take 2 damage, and have 34/113 hp.
You now have 22/23 mp.
You feel sick.
A komodo dragon comes into view.
You take 1 damage, and have 33/113 hp.
You open the door.
You feel sick.
You take 1 damage, and have 32/113 hp.
You feel sick.
There is an open door here.
You take 1 damage, and have 31/113 hp.
You feel sick.
You take 1 damage, and have 30/113 hp.
There's a creature in the doorway!
You hit the wolf spider.
Your weapon exudes an aura of protection.
You feel sick.
The wolf spider completely misses you. x2
You take 1 damage, and have 29/113 hp.
MP restored: 23 You feel better.
The wolf spider hits you!
* * * LOW HITPOINT WARNING * * *
The wolf spider closely misses you.
You take 3 damage, and have 26/113 hp.
You feel yourself speed up.
The wolf spider completely misses you. x2
The wolf spider barely misses you. The wolf spider bites you.
* * * LOW HITPOINT WARNING * * *
You take 1 damage, and have 25/113 hp.
You feel agile all of a sudden. The wolf spider barely misses you.
The wolf spider bites you!
* * * LOW HITPOINT WARNING * * *
You are lethally poisoned!
The wolf spider poisons you!
You take 7 damage, and have 18/113 hp.
Okay, then.
You feel better. The wolf spider hits you.
* * * LOW HITPOINT WARNING * * *
The wolf spider bites you!
* * * LOW HITPOINT WARNING * * *
You take 9 damage, and have 9/113 hp.
You barely miss the wolf spider. The wolf spider misses you.
The wolf spider barely misses you.
You hit the wolf spider.
Your weapon exudes an aura of protection.
You slice the wolf spider!! The wolf spider hits you.
* * * LOW HITPOINT WARNING * * *
The wolf spider closely misses you.
You take 3 damage, and have 7/113 hp.
You hit the wolf spider.
You kill the wolf spider!
Trog accepts your kill. The basilisk gazes at you.
You resist with almost no effort.
You hit the wolf spider. You slash the wolf spider!
The wolf spider completely misses you. x2
You hit the wolf spider. The wolf spider barely misses you.
The wolf spider bites you.
* * * LOW HITPOINT WARNING * * *
You take 3 damage, and have 4/113 hp.
Aim: a wolf spider (almost dead, clinging)
The bolt of acid hits the wolf spider.
The wolf spider is splashed with acid.
The acid corrodes the wolf spider!
You kill the wolf spider!
Trog accepts your kill.
Your Dodging skill increases to level 13!
The bolt of acid hits the basilisk.
The basilisk is splashed with acid.
The acid corrodes the basilisk!
The basilisk gazes at you. You resist with almost no effort.
Aim: a komodo dragon The bolt of acid hits the komodo dragon.
The komodo dragon is splashed with acid.
The acid corrodes the komodo dragon!
The bolt of acid misses the basilisk.
The komodo dragon bites you!
You die...

###############................##
.....................#)####......
.....................#....#......
................(....#....#<.....
....'###...>.........'....#......
....#.####.......................
#...##.## #....###'####.##......
#...###.## #......#............
#...# ##.#######@................
#...# ##......l##...............
#[..# ##.####..l.###.............
#...###.###.....#..###........(..
##..##.##.#.#.#.#.#l.###........(
....#.##.#.#.#..# # #..###.......
....'..)...$....# # #...<...
....####.#.#ยง#..# #.......
#.....###.#.#.#.# #.......


You could see a komodo dragon and a basilisk.

Vanquished Creatures
  3 hydras
  Fannar (D:11)
  2 two-headed ogres (D:11)
  A death yak (Lair:5)
  Nergalle (D:11)
  An unseen horror (D:11)
  Pikel (D:4)
  2 wolf spiders (D:11)
  15 elephants
  A torpor snail (Lair:4)
  8 black mambas
  A guardian serpent (Lair:2)
  9 spiny frogs
  2 rime drakes
  A gargoyle (D:10)
  7 komodo dragons
  A merfolk (D:11)
  A troll (D:9)
  9 polar bears (Lair:6)
  A raiju (Lair:6)
  Prince Ribbit (D:7)
  11 hippogriffs
  21 blink frogs
  6 dream sheep (Lair:6)
  A vampire (D:11)
  3 wyverns (Lair:5)
  4 fire bats (Volcano)
  17 yaks
  Eustachio (D:5)
  2 hungry ghosts (D:11)
  2 basilisks
  Edmund (D:4)
  4 wargs (Lair:6)
  A two-headed ogre zombie (D:11)
  8 water moccasins
  18 hell hounds
  4 porcupines
  10 orc warriors
  2 phantoms (D:11)
  2 slaves (D:4)
  12 black bears
  A hornet zombie (D:7)
  An ice beast (D:8)
  2 sky beasts (D:9)
  An eye of draining (D:9)
  6 ogres
  2 necrophages (D:11)
  3 centaurs
  18 wolves
  6 crocodiles
  14 bullfrogs
  3 big kobolds
  2 earth elementals (Volcano)
  A water moccasin zombie (D:10)
  A water moccasin skeleton (D:2)
  8 killer bees
  A troll zombie (D:11)
  5 wights (D:11)
  5 lava snakes (Volcano)
  5 crimson imps
  A quasit (D:11)
  12 jellies
  7 orc priests
  4 hounds
  Crazy Yiuf (D:7)
  An iguana (D:5)
  12 orc wizards
  9 worker ants
  A killer bee zombie (D:7)
  6 ogre zombies (D:11)
  A hound zombie (D:10)
  2 hound skeletons
  A howler monkey zombie (D:6)
  13 gnolls
  13 adders
  3 shadow imps (D:7)
  13 oozes
  5 worms
  A dart slug (D:1)
  4 leopard geckos
  63 orcs
  3 bats
  3 giant cockroaches
  9 goblins
  6 hobgoblins
  16 jackals
  20 kobolds
  3 quokkas
  A ball python (D:1)
  4 frilled lizards
  A goblin skeleton (D:11)
  4 goblin zombies (D:11)
  A hobgoblin skeleton (D:11)
  2 hobgoblin zombies (D:11)
  A jackal skeleton (D:8)
  A leopard gecko zombie (D:6)
  3 orc skeletons (D:11)
  14 orc zombies (D:11)
  8 rats
557 creatures vanquished.

Vanquished Creatures (collateral kills)
  A stone giant (Volcano)
  A two-headed ogre (D:8)
  An obsidian statue (Volcano)
  A gargoyle (Volcano)
  An efreet (Volcano)
  A troll (D:11)
  A blink frog (Lair:5)
  A hippogriff (D:11)
  A wyvern (Lair:5)
  A crocodile (Lair:3)
  A bullfrog (Lair:5)
11 creatures vanquished.

Vanquished Creatures (others)
  A centaur skeleton (D:4)
  A ball python (D:4)
  A kobold (D:8)
  A bush (Lair:4)
  12 fungi
  17 plants
33 creatures vanquished.

Grand Total: 601 creatures vanquished

Notes
Turn   | Place    | Note
-------+----------+-------------------------------------------
     0 | D:1      | Firecrotchwizard the Merfolk Berserker began the quest for the Orb.
     0 | D:1      | Reached XP level 1. HP: 18/18 MP: 1/1
    54 | D:1      | Reached skill level 5 in Polearms
    68 | D:1      | Reached XP level 2. HP: 14/24 MP: 2/2
    83 | D:1      | HP: 5/24 [hobgoblin (2)]
   700 | D:1      | Reached skill level 6 in Polearms
   700 | D:1      | Reached XP level 3. HP: 29/29 MP: 3/3
   963 | D:2      | Reached ** piety under Trog
   981 | D:2      | Reached XP level 4. HP: 15/35 MP: 4/4
  1244 | D:2      | Reached skill level 7 in Polearms
  1401 | D:2      | Reached skill level 8 in Polearms
  1401 | D:2      | Reached XP level 5. HP: 28/41 MP: 5/5
  2564 | D:3      | Reached skill level 9 in Polearms
  3177 | D:4      | Reached XP level 6. HP: 47/47 MP: 6/6
  3194 | D:4      | Reached *** piety under Trog
  3232 | D:4      | HP: 10/47 [poisoned by an orc wizard]
  3236 | D:4      | HP: 4/47 [ooze (1)]
  3241 | D:4      | HP: 3/47 [poisoned by an orc wizard]
  3246 | D:4      | HP: 5/47 [poisoned by an orc wizard]
  3252 | D:4      | HP: 9/47 [poisoned by an orc wizard]
  3297 | D:4      | HP: 13/70 [orc wizard/magic dart (9)]
  3445 | D:4      | Noticed a slave
  3462 | D:4      | Reached skill level 10 in Polearms
  3469 | D:4      | Noticed Edmund
  3490 | D:4      | Killed a slave
  3495 | D:4      | Killed Edmund
  3495 | D:4      | Reached XP level 7. HP: 30/52 MP: 7/7
  4006 | D:4      | Reached skill level 11 in Polearms
  4281 | D:4      | Noticed Pikel
  4306 | D:4      | Killed Pikel
  4306 | D:4      | Reached skill level 13 in Polearms
  4306 | D:4      | Reached XP level 8. HP: 45/58 MP: 8/8
  4518 | D:5      | Entered Level 5 of the Dungeon
  4666 | D:5      | Found a basalt altar of Yredelemnul.
  4736 | D:5      | Noticed Eustachio
  4791 | D:5      | Killed Eustachio
  4932 | D:5      | Reached skill level 14 in Polearms
  5183 | D:5      | Reached skill level 3 in Dodging
  5395 | D:6      | Reached skill level 4 in Fighting
  5396 | D:6      | Reached skill level 4 in Dodging
  5496 | D:6      | Got a faintly humming plate armour
  5565 | D:6      | Found a bloodstained altar of Trog.
  5665 | D:6      | Reached skill level 5 in Dodging
  5693 | D:6      | Reached skill level 5 in Fighting
  5693 | D:6      | Reached XP level 9. HP: 41/68 MP: 9/9
  5966 | D:6      | Reached skill level 6 in Dodging
  5985 | D:6      | Got a faintly glowing amber ring
  6029 | D:6      | Reached **** piety under Trog
  6087 | D:6      | Identified the ring of Diuphuta {+Blink Str+4 Int+2 Dex+5} (You found it on level 6 of the Dungeon)
  6278 | D:6      | Reached skill level 6 in Fighting
  6439 | D:7      | Reached skill level 7 in Dodging
  6920 | D:7      | Reached skill level 7 in Fighting
  6935 | D:7      | Reached skill level 8 in Dodging
  7204 | D:7      | Found Izarghi's Antique Weapon Emporium.
  7345 | D:7      | Found a runed door.
  7376 | D:7      | Found a glowing golden altar of the Shining One.
  7547 | D:7      | Reached skill level 8 in Fighting
  7547 | D:7      | Reached skill level 9 in Dodging
  7549 | D:7      | Noticed Prince Ribbit
  7553 | D:7      | Reached XP level 10. HP: 64/80 MP: 10/10
  7577 | D:7      | Killed Prince Ribbit
  7974 | D:7      | Noticed Crazy Yiuf
  7978 | D:7      | Killed Crazy Yiuf
  8211 | D:8      | Noticed a two-headed ogre
  8216 | D:8      | Killed a two-headed ogre
  8216 | D:8      | Reached skill level 10 in Dodging
  8275 | D:8      | Found a hide-covered altar of Uskayaw.
  8283 | D:8      | Reached skill level 9 in Fighting
  8366 | D:8      | Reached ***** piety under Trog
  8376 | D:8      | Got a steaming ring mail
  8387 | D:8      | Identified the cursed +0 ring mail of Naos Bot {+Blink rN++ Int-4 Dex+4} (You took it off a big kobold on level 8 of the Dungeon)
  8589 | D:8      | Found a burning altar of Makhleb.
  8589 | D:8      | Noticed a cacodemon
  8592 | D:8      | Found a staircase to the Lair.
  8806 | D:8      | Found an ancient bone altar of Kikubaaqudgha.
  9475 | D:9      | Got a dazzling great sword {holy}
  9510 | D:9      | Reached skill level 11 in Dodging
 10147 | D:9      | Reached skill level 10 in Fighting
 10545 | D:10     | Entered Level 10 of the Dungeon
 10860 | D:10     | Noticed a gargoyle
 10863 | D:10     | Killed a gargoyle
 11384 | Lair:1   | Entered Level 1 of the Lair of Beasts
 11503 | Lair:1   | Reached skill level 12 in Dodging
 11503 | Lair:1   | Reached XP level 11. HP: 79/92 MP: 11/11
 11898 | Lair:1   | Noticed an oklob plant
 11925 | Lair:1   | Received a gift from Trog
 12318 | Lair:1   | Reached skill level 1 in Evocations
 12375 | Lair:1   | Noticed Harold
 12520 | Lair:1   | Reached skill level 2 in Evocations
 12834 | Lair:2   | Reached skill level 15 in Polearms
 13067 | Lair:2   | Reached skill level 3 in Evocations
 13102 | Lair:2   | Found a staircase to the Snake Pit.
 14255 | Lair:3   | Got an iridescent short sword
 14288 | Lair:3   | Noticed a six-headed hydra
 14347 | Lair:3   | Noticed an oklob plant
 14384 | Lair:3   | Reached skill level 4 in Evocations
 14410 | Lair:3   | Reached skill level 16 in Polearms
 14459 | Lair:3   | Found a staircase to the Swamp.
 14648 | Lair:3   | Noticed an eight-headed hydra
 14654 | Lair:3   | Noticed a seven-headed hydra
 14657 | Lair:3   | Killed an eight-headed hydra
 14667 | Lair:3   | Killed a seven-headed hydra
 14667 | Lair:3   | Reached XP level 12. HP: 48/99 MP: 15/15
 14672 | Lair:3   | Reached skill level 5 in Evocations
 15112 | Lair:3   | Found an iron altar of Okawaru.
 15127 | Lair:3   | Reached skill level 17 in Polearms
 15718 | Lair:4   | Reached skill level 6 in Evocations
 15822 | Lair:4   | Reached skill level 18 in Polearms
 16117 | Lair:4   | Noticed a six-headed hydra
 16119 | Lair:4   | Killed a six-headed hydra
 16279 | Lair:4   | Reached skill level 7 in Evocations
 16347 | Lair:4   | Received a gift from Trog
 17100 | Lair:5   | Reached skill level 19 in Polearms
 17367 | Lair:5   | Reached XP level 13. HP: 68/105 MP: 18/18
 17439 | Lair:5   | Reached skill level 8 in Evocations
 17669 | Lair:5   | Reached skill level 20 in Polearms
 18137 | Lair:5   | Reached skill level 9 in Evocations
 18448 | Lair:6   | Entered Level 6 of the Lair of Beasts
 18531 | Lair:6   | Found a dark tunnel.
 18601 | Volcano  | Entered a volcano
 18851 | Volcano  | Noticed a stone giant
 18852 | Volcano  | Found a burning altar of Makhleb.
 18858 | Volcano  | Reached skill level 10 in Evocations
 18864 | Volcano  | Killed a stone giant
 19168 | Lair:6   | Found a staircase to the Slime Pits.
 19168 | Lair:6   | Found a viscous altar of Jiyva.
 19202 | Lair:6   | Reached skill level 11 in Evocations
 19674 | Lair:6   | Reached skill level 12 in Evocations
 19830 | Lair:6   | Reached XP level 14. HP: 111/111 MP: 23/23
 20545 | Lair:6   | Reached skill level 13 in Evocations
 21197 | D:11     | Found a staircase to the Orcish Mines.
 21224 | D:11     | Reached skill level 11 in Fighting
 21561 | D:11     | Noticed Fannar
 21605 | D:11     | Killed Fannar
 21605 | D:11     | Reached skill level 2 in Armour
 21657 | D:11     | Reached ****** piety under Trog
 21812 | D:11     | Got an ichor-stained ring mail
 21813 | D:11     | Identified the +3 ring mail of Contentment {rElec Str+2 Stlth-} (You found it on level 11 of the Dungeon)
 21868 | D:11     | Noticed Nergalle
 21882 | D:11     | Killed Nergalle
 22063 | D:11     | HP: 26/113 [wolf spider (14)]
 22066 | D:11     | HP: 9/113 [wolf spider (12)]
 22073 | D:11     | HP: 4/113 [wolf spider (3)]
 22074 | D:11     | Reached skill level 13 in Dodging
 22075 | D:11     | Mangled by a komodo dragon

Skill      XL: |  1  2  3  4  5  6  7  8  9 10 11 12 13 14 |
---------------+-------------------------------------------+-----
Polearms       | 5 6 8 9 10 13 14 16 19 20 | 20.0
Dodging        | 5 9 12 13 | 13.0
Fighting       | 5 8 10 11 | 11.4
Evocations     | 4 7 12 13 | 13.3
Armour         | 2 |  2.6

Action                   |  1- 3 |  4- 6 |  7- 9 | 10-12 | 13-15 || total
-------------------------+-------+-------+-------+-------+-------++-------
Melee: Spear             |   107 |   181 |       |       |       ||   288
       Halberd           |       |    80 |   429 |   316 |       ||   825
       Glaive            |       |       |       |   357 |   659 ||  1016
       Trident           |       |       |       |    13 |       ||    13
Throw: Stone             |    24 |    98 |   145 |    31 |       ||   298
Invok: Berserk           |     3 |     2 |     3 |       |       ||     8
       Trog's Hand       |     1 |     2 |     3 |       |     3 ||     9
       Burn Spellbooks   |       |       |       |     5 |       ||     5
       Brothers in Arms  |       |       |       |     3 |     4 ||     7
 Abil: Evoke Blink       |       |       |       |       |     1 ||     1
Evoke: Wand              |       |       |     2 |     9 |    12 ||    23
       Phial of floods   |       |       |       |       |     1 ||     1
  Use: Scroll            |       |       |    11 |     4 |     9 ||    24
       Potion            |       |       |       |       |     7 ||     7
 Stab: Sleeping          |     2 |       |       |     2 |     1 ||     5
       Distracted        |       |       |       |     1 |     2 ||     3
       Paralysed         |       |       |       |       |     2 ||     2
  Eat: Chunk             |     2 |     8 |    10 |    17 |    40 ||    77
       Ration            |       |     1 |     2 |     5 |       ||     8
Armor: Animal skin       |     8 |       |       |       |       ||     8
       Ring mail         |    10 |    55 |    84 |    99 |   142 ||   390
Dodge: Dodged            |    36 |   123 |   199 |   510 |   604 ||  1472

Vault maps used:
D:1:      eino_arrival_cavern_b
D:2:      first_ration, corexii_item_surrounded_by_moat,
          minmay_item_behind_shaft, kennysheep_generic_room_10
D:3:      minmay_misc_feat_x, minmay_unequal
D:4:      lemuel_old_faithful, uniq_edmund, uniq_pikel
D:5:      lemuel_round_altar, uniq_eustachio
D:6:      marbit_many_paths, lemuel_temple_firewalk_b
D:7:      serial_shops, nicolae_shop_competitors_out_of_business, basic_altar,
          uniq_crazy_yiuf_cottage, uniq_prince_ribbit1
D:8:      makhleb_altar_promises_db, kiku_gazebo_pond_becter,
          minmay_lair_entry_lava, basic_altar
D:10:     special_room
D:11:     minmay_the_grid_triangle_9x9_rhombus_thin_mashed, zombieorc2_lemuel,
          hangedman_stone_soup, uniq_fannar, uniq_nergalle
Lair:1:   lemuel_slime, lemuel_fruit_tree, grunt_megastairs_4, uniq_harold
Lair:2:   minmay_snake_entry_spellcaster
Lair:3:   minmay_lair_oklob_tunnel, swamp_mist, lemuel_oklob_altar
Lair:4:   serial_bayou_pond_c
Lair:5:   beast_lair_carwin_4
Lair:6:   hangedman_lair_caniforms_friends, slime_altar_1,
          lightli_volcano_entry_magma_tube
Volcano:  volcano_grotto

Table legend:
 A = Turns spent in this place as a percentage of turns spent in the entire game.
 B = Non-inter-level travel turns spent in this place as a percentage of non-inter-level travel turns spent in the entire game.
 C = Inter-level travel turns spent in this place as a percentage of turns spent in this place.
 D = Turns resting spent in this place as a percentage of non-inter-level travel turns spent in this place.
 E = Turns spent auto-exploring this place as a percentage of non-inter-level travel turns spent in this place.
 F = Non-inter-level travel turns spent in this place divided by the number of levels of this place that you've seen.
                   A       B       C       D       E      F
               +-------+-------+-------+-------+-------+----------------------
         Total | 100.0 | 100.0 |   3.8 |  32.6 |  46.7 | 1179.7
       Dungeon |  56.3 |  56.2 |   4.1 |  27.0 |  50.4 | 1084.0
          Lair |  42.2 |  42.3 |   3.6 |  39.5 |  43.5 | 1497.3
       Volcano |   1.5 |   1.5 |   0.0 |  47.5 |   4.3 | 326.0
               +-------+-------+-------+-------+-------+----------------------

Table legend:
 A = Kills in this place as a percentage of kills in entire the game.
 B = Kills by you in this place as a percentage of kills by you in the entire game.
 C = Kills by friends in this place as a percentage of kills by friends in the entire game.
 D = Other kills in this place as a percentage of other kills in the entire game.
 E = Experience gained in this place as a percentage of experience gained in the entire game.
 F = Experience gained in this place divided by the number of levels of this place that you have seen.
                   A       B       C       D       E      F
               +-------+-------+-------+-------+-------+----------------------
         Total | 100.0 | 100.0 | 100.0 |   N/A | 100.0 | 3863.8
       Dungeon |  58.8 |  59.5 |  27.3 |   N/A |  25.3 | 1599.5
          Lair |  38.5 |  38.6 |  36.4 |   N/A |  70.9 | 8224.0
       Volcano |   2.7 |   2.0 |  36.4 |   N/A |   3.8 | 2610.0
               +-------+-------+-------+-------+-------+----------------------
